Map: Odyssey LE

Players

SamuraiFunn - Winner!

  • Race: Protoss Protoss
  • Spawn Location: 11:00

A.I. 1 (Harder)

  • Race: Protoss Protoss
  • Spawn Location: 5:00

VOD

Have the link to the VOD?

Description

Time

  • Played on: Oct. 28, 2017, 2:50 p.m.
  • Length: 12:45
Show
View Real Time Build Order
Export as new Build Order

SamuraiFunn Protoss - Winner!

Build Orders:  

Get SALT Encoding   

  12  0:02  Probe (Chrono Boost)  
  13  0:12  Probe (Chrono Boost)  
  14  0:18  Pylon  
  14  0:23  Probe (Chrono Boost)  
  15  0:36  Probe (Chrono Boost)  
  15  0:39  Gateway  
  16  0:47  Probe (Chrono Boost)  
  17  0:59  Probe (Chrono Boost)  
  17  1:02  Gateway  
  18  1:07  Assimilator  
  18  1:09  Probe (Chrono Boost)  
  19  1:14  Assimilator  
  19  1:29  Zealot  
  19  1:30  Pylon  
  21  1:34  Probe (Chrono Boost)  
  22  1:48  Probe (Chrono Boost)  
  22  1:53  Zealot  
  25  1:59  Probe (Chrono Boost)  
  26  2:05  Forge  
  26  2:09  Pylon  
  26  2:11  Zealot  
  28  2:16  Probe (Chrono Boost)  
  29  2:32  Zealot  
  31  2:50  Probe (Chrono Boost)  
  32  3:01  Nexus, Zealot  
  34  3:12  Pylon, Zealot  
  36  3:28  Cybernetics Core  
  36  3:32  Probe (Chrono Boost)  
  37  3:42  Probe (Chrono Boost)  
  37  3:45  Gateway  
  38  3:53  Probe (Chrono Boost)  
  39  4:04  Probe (Chrono Boost)  
  40  4:14  Probe (Chrono Boost)  
  41  4:22  Twilight Council  
  41  4:25  Probe (Chrono Boost)  
  42  4:32  Zealot x2  
  42  4:33  Zealot  
  42  4:35  Probe (Chrono Boost)  
  49  4:41  Protoss Ground Weapons Level 1  
  49  4:59  Probe (Chrono Boost), Stalker  
  52  5:08  Charge  
  52  5:09  Probe (Chrono Boost)  
  53  5:20  Probe (Chrono Boost)  
  54  5:22  Gateway  
  54  5:24  Stalker x2  
  58  5:30  Probe (Chrono Boost)  
  59  5:37  Pylon  
  59  5:38  Zealot  
  61  5:45  Probe (Chrono Boost)  
  62  5:55  Probe (Chrono Boost), Stalker  
  62  5:56  Probe (Chrono Boost)  
  66  5:57  Pylon  
  66  6:02  Pylon  
  66  6:05  Probe (Chrono Boost)  
  66  6:06  Probe (Chrono Boost)  
  68  6:12  Stalker  
  68  6:16  Probe (Chrono Boost)  
  68  6:17  Probe (Chrono Boost)  
  72  6:27  Nexus  
  72  6:35  Protoss Ground Armor Level 1  
  64  6:58  Zealot  
  64  6:59  Zealot x3  
  70  7:25  Stalker  
  70  7:26  Stalker x3  
  72  7:55  Stalker  
  72  7:56  Stalker x2  
  78  8:03  Stalker  
  80  8:20  Gateway  
  80  8:22  Gateway  
  80  8:26  Stalker  
  80  8:27  Robotics Facility, Stalker x2  
  82  8:28  Robotics Facility  
  82  8:30  Robotics Facility, Protoss Shields Level 1  
  82  8:33  Stalker  
  88  8:49  Nexus  
  88  8:53  Pylon  
  88  8:57  Pylon  
  88  8:58  Stalker  
  88  8:59  Stalker x2  
  88  9:02  Pylon  
  94  9:03  Stalker  
  94  9:08  Blink  
  96  9:37  Assimilator  
  96  9:42  Assimilator  
  97  9:52  Probe (Chrono Boost)  
  97  9:59  Probe (Chrono Boost)  
  98  10:03  Probe (Chrono Boost)  
  98  10:04  Probe (Chrono Boost)  
  100  10:09  Probe (Chrono Boost)  
  100  10:13  Probe (Chrono Boost)  
  98  10:15  Probe (Chrono Boost)  
  98  10:20  Probe (Chrono Boost)  
  94  10:23  Protoss Ground Weapons Level 2  
  94  10:24  Probe (Chrono Boost)  
  94  10:26  Probe (Chrono Boost)  
  88  10:30  Probe (Chrono Boost)  
  88  10:35  Probe (Chrono Boost)  
  90  10:41  Probe (Chrono Boost)  
  87  11:00  Stalker x5  
  87  11:01  Stalker  
  87  11:03  Immortal x2  
  87  11:04  Immortal  
  109  11:30  Stalker x2  
  111  11:43  Immortal  
Show
View Real Time Build Order
Export as new Build Order

A.I. 1 (Harder) Protoss 

Build Orders:  

Get SALT Encoding   

  12  0:01  Probe (Chrono Boost)  
  13  0:11  Probe (Chrono Boost)  
  14  0:20  Pylon  
  14  0:22  Probe (Chrono Boost)  
  15  0:38  Probe (Chrono Boost)  
  16  0:47  Assimilator  
  16  0:48  Probe (Chrono Boost)  
  17  0:50  Gateway  
  17  0:59  Probe (Chrono Boost)  
  17  1:01  Pylon  
  18  1:10  Probe (Chrono Boost)  
  19  1:21  Probe (Chrono Boost)  
  20  1:35  Zealot  
  20  1:39  Cybernetics Core  
  22  1:41  Gateway  
  22  1:46  Assimilator  
  22  1:59  Zealot  
  24  2:10  Pylon  
  24  2:20  Warp Gate  
  24  2:24  Stalker  
  26  2:30  Adept  
  28  2:42  Pylon  
  28  2:52  Stalker  
  28  2:57  Stalker  
  32  3:21  Stalker  
  32  3:25  Zealot  
  34  3:27  Pylon  
  36  3:45  Probe (Chrono Boost)  
  37  3:49  Adept  
  37  3:55  Stalker  
  39  3:57  Probe (Chrono Boost)  
  42  4:03  Pylon  
  42  4:09  Probe (Chrono Boost)  
  43  4:15  Zealot  
  45  4:17  Forge  
  45  4:21  Probe (Chrono Boost)  
  46  4:33  Probe (Chrono Boost), Stalker  
  49  4:44  Probe (Chrono Boost)  
  50  4:49  Stalker  
  52  6:00  Protoss Ground Weapons Level 1  
  52  6:05  Sentry  
  52  6:08  Gateway  
  52  6:11  Robotics Facility  
  54  6:13  Stalker  
  54  6:14  Nexus, Twilight Council  
  54  6:16  Photon Cannon  
  56  6:19  Photon Cannon  
  56  6:22  Pylon  
  56  6:28  Stalker  
  58  6:35  Stalker  
  60  6:45  Pylon  
  60  6:50  Sentry, Blink  
  50  6:58  Observer, Adept  
  45  7:06  Zealot  
  45  7:14  Zealot  
  45  7:19  Observer  
  45  7:22  Stalker  
  48  7:29  Probe (Chrono Boost)  
  47  7:30  Stalker  
  47  7:33  Probe (Chrono Boost)  
  48  7:38  Stalker  
  48  7:41  Probe (Chrono Boost)  
  50  7:44  Probe (Chrono Boost)  
  50  7:45  Protoss Ground Armor Level 1, Zealot  
  52  7:53  Probe (Chrono Boost)  
  52  7:55  Probe (Chrono Boost), Zealot  
  55  8:03  Stalker  
  55  8:04  Probe (Chrono Boost)  
  58  8:07  Probe (Chrono Boost)  
  58  8:12  Stalker  
  61  8:16  Probe (Chrono Boost)  
  61  8:18  Probe (Chrono Boost)  
  63  8:22  Stalker  
  65  8:28  Probe (Chrono Boost)  
  65  8:29  Stalker  
  65  8:30  Probe (Chrono Boost)  
  69  8:37  Adept  
  69  8:40  Probe (Chrono Boost)  
  69  8:41  Pylon  
  72  8:42  Probe (Chrono Boost)  
  72  8:47  Pylon  
  73  8:51  Probe (Chrono Boost)  
  74  8:56  Stargate  
  74  9:01  Forge  
  74  9:08  Photon Cannon  
  74  9:10  Photon Cannon  
  74  9:33  Assimilator  
  74  9:38  Assimilator  
  74  10:00  Probe (Chrono Boost)  
  74  10:01  Probe (Chrono Boost)  
  76  10:11  Probe (Chrono Boost)  
  76  10:13  Zealot  
  77  10:14  Warp Prism  
  77  10:18  Stalker  
  77  10:21  Gateway  
  69  10:23  Sentry  
  69  10:26  Robotics Facility, Phoenix  
  61  10:29  Nexus, Stargate  
  61  10:33  Zealot  
  53  10:40  Adept  
  55  10:48  Warp Prism  
  55  10:49  Stalker  
  54  10:54  Stalker  
  45  11:02  Stalker  
  35  11:10  Probe (Chrono Boost), Immortal  
  32  11:12  Probe (Chrono Boost)  
  34  11:21  Probe (Chrono Boost)  
  30  11:33  Probe (Chrono Boost)  
  14  11:50  Probe (Chrono Boost)  
  14  11:53  Probe (Chrono Boost)  
  11  12:01  Probe (Chrono Boost)  
Tags
 
Matchup
PvP
Replay Pack
First 100 games
Spawn Locations
Cross Positions
Add a new tag
Caveats
  • Supply blocks, unpowered buildings, or Contaminate may cause inaccurate times.
  • Supply counts are checked every 10 seconds.